 Dungeon Crawl Stone Soup version 0.21.0 (webtiles) character file.

87 Hekarica the Shooter (level 4, -7/37 HPs)
             Began as a Centaur Hunter on May 25, 2018.
             Was an Initiate of Ashenzari.
             Killed by divine providence
             ... invoked by an orc priest
              (13 damage)
             ... on level 2 of the Dungeon.
             The game lasted 00:17:17 (2245 turns).

Hekarica the Shooter (Centaur Hunter)               Turns: 2245, Time: 00:17:17

Health: -7/37      AC:  7    Str: 14 (16) XL:     4   Next: 28%
Magic:  4/4        EV:  7    Int:  7 (10) God:    Ashenzari [......]
Gold:   114        SH:  0    Dex:  8 (9)  Spells: 3/3 levels left

rFire    + . .     SeeInvis .   b - +0 short sword
rCold    + . .     Gourm    .   (no shield)
rNeg     . . .     Faith    .   e - +0 scale mail
rPois    +         Spirit   .   q - +0 helmet
rElec    +         Reflect  .   (no cloak)
rCorr    +         Harm     .   (no gloves)
MR       .....                  (no barding)
Stlth    ..........             (no amulet)
HPRegen  0.12/turn              (no ring)
MPRegen  0.09/turn              (no ring)

@: resistant, very quick
A: large, hooves 3, deformed body, speed 2, tough skin 3
a: Curse Item, Renounce Religion


You were on level 2 of the Dungeon.
You worshipped Ashenzari.
Ashenzari was noncommittal.
You were not hungry.

You visited 1 branch of the dungeon, and saw 2 of its levels.

You collected 114 gold pieces.

Inventory:

Hand Weapons
 a - a +1 shortbow
 b - a +0 short sword (weapon)
Missiles
 d - 13 arrows
Armour
 e - a +0 scale mail (worn)
 j - a +0 large shield
 q - a +0 helmet (worn)
Scrolls
 g - a scroll of teleportation {unknown}
 l - a scroll of enchant armour {unknown}
 n - a scroll of remove curse
 p - a scroll of noise {unknown}
Potions
 h - 4 potions of curing {unknown}
Comestibles
 f - 4 rations


   Skills:
 + Level 2.8 Fighting
 + Level 5.9 Bows
 * Level 2.6 Dodging
 - Level 0.4 Stealth


You had 3 spell levels left.
You didn't know any spells.

Dungeon Overview and Level Annotations

Branches:
Dungeon (2/15)

Altars:
Ashenzari
Dithmenos
Hepliaklqana
Kikubaaqudgha
Nemelex Xobeh
Sif Muna
Uskayaw
Xom
Yredelemnul
The Shining One


Innate Abilities, Weirdness & Mutations

You have hooves in place of feet.
Armour fits poorly on your strangely shaped body.
You cover ground very quickly.
You have extremely tough skin. (AC +3)


Message History

You bump into the rock wall.
The orc warrior hits you with a short sword.
The orc priest looks satisfied for a moment.
You miss the orc warrior.
You feel less invigorated.
You feel less confused. The orc warrior barely misses you.
You hit the orc warrior but do no damage.
The orc warrior hits you with a short sword!!
The orc warrior closely misses you.
You hit the orc warrior but do no damage.
The orc warrior hits you with a short sword!
* * * LOW HITPOINT WARNING * * *
You barely miss the orc warrior.
The orc warrior hits you with a short sword.
* * * LOW HITPOINT WARNING * * *
You hit the orc warrior but do no damage.
Your kick misses the orc warrior.
The orc priest calls down the wrath of Beogh upon you.
Beogh smites you!
You die...

≈..# ##.......#
≈≈≈# ##.....##.#
≈≈≈#####.........#
≈.≈......<#####..#
≈≈≈#####.##
##.################
≈........#
#....[............
≈..#######
#.####.####.####.#
≈.≈#
#.#..'.'..#.#..'.'
.≈≈#
#@#..#.#..#.#..#.#
≈..#
#o#+##.#'##.#'##.#
##.#
#oo).o.o..........
##.#######
#[#'##.#'##.#'##.#
.........#
#.#..#.#..#.#..#.#
##.####### #.#
8#.#..'.'..#.#
#.##__.### #.#
##.####.####.#
#.##...._# #.. ...
..... #.###..###
### #############


You could see an orc warrior, an orc priest and an orc.

Vanquished Creatures
  A gnoll (D:1)
  2 adders (D:2)
  5 dart slugs
  2 leopard geckos (D:2)
  2 giant cockroaches
  9 goblins
  4 hobgoblins
  2 jackals (D:2)
  2 quokkas (D:2)
  4 bats
  3 frilled lizards
  5 kobolds
  A leopard gecko zombie (D:2)
  6 rats
48 creatures vanquished.

Notes
Turn   | Place    | Note
-------+----------+-------------------------------------------
     0 | D:1      | Hekarica the Centaur Hunter began the quest for the Orb.
     0 | D:1      | Reached XP level 1. HP: 17/17 MP: 1/1
   155 | D:1      | Reached XP level 2. HP: 24/24 MP: 2/2
   773 | D:2      | Noticed an orc warrior
   781 | D:1      | Reached XP level 3. HP: 30/30 MP: 3/3
  1479 | D:2      | Reached XP level 4. HP: 23/37 MP: 4/4
  1917 | D:2      | Found a deep blue altar of Sif Muna.
  2024 | D:2      | Found a hazy altar of Hepliaklqana.
  2027 | D:2      | Found a shadowy altar of Dithmenos.
  2029 | D:2      | Found a glowing golden altar of the Shining One.
  2029 | D:2      | Found a shimmering altar of Xom.
  2029 | D:2      | Found an ancient bone altar of Kikubaaqudgha.
  2030 | D:2      | Found a shattered altar of Ashenzari.
  2031 | D:2      | Found a sparkling altar of Nemelex Xobeh.
  2032 | D:2      | Found a hide-covered altar of Uskayaw.
  2033 | D:2      | Found a basalt altar of Yredelemnul.
  2061 | D:2      | Became a worshipper of Ashenzari the Shackled
  2086 | D:2      | Found a faded altar of an unknown god.
  2245 | D:2      | Killed from afar by an orc priest

Skill      XL: |  1  2 |
---------------+-------+-----
Dodging        | 2 |  2.6
Fighting       | |  2.8
Bows           | |  5.9
Stealth        | |  0.4

Action                   |  1- 3 |  4- 6 || total
-------------------------+-------+-------++-------
Melee: Short sword       |    49 |    25 ||    74
       Kick              |     9 |     4 ||    13
 Fire: Shortbow          |    79 |    19 ||    98
  Use: Scroll            |     3 |     1 ||     4
       Potion            |       |     4 ||     4
  Eat: Ration            |     1 |       ||     1
Armor: Scale mail        |    41 |     7 ||    48
Dodge: Dodged            |    20 |    16 ||    36
